Map: Simulacrum LE

Players

llllllllllll

  • Race: Terran Terran
  • League: Master
  • Spawn Location: 5:00

kemachi - Winner!

  • Race: Zerg Zerg
  • League: Diamond
  • Spawn Location: 11:00

VOD

Have the link to the VOD?

Description

Time

  • Played on: May 5, 2020, 5:15 p.m.
  • Length: 10:16
Show
View Real Time Build Order
Export as new Build Order

llllllllllll Terran 

Build Orders: Reaper Expand 

Get SALT Encoding   

  12  0:01  SCV  
  13  0:14  SCV  
  13  0:20  Supply Depot  
  14  0:27  SCV  
  15  0:36  Refinery  
  15  0:42  SCV  
  16  0:48  Barracks  
  16  0:54  SCV  
  17  1:06  SCV  
  18  1:21  SCV  
  18  1:24  Supply Depot  
  19  1:34  Orbital Command  
  19  1:40  Reaper  
  20  2:00  Command Center  
  19  2:29  Marine  
  19  2:32  SCV  
  19  2:36  Refinery  
  20  2:42  Factory  
  20  2:45  SCV  
  21  2:55  Marine  
  21  2:57  SCV  
  23  3:09  SCV  
  24  3:13  Orbital Command  
  24  3:21  SCV  
  24  3:25  Marine  
  24  3:26  Factory Tech Lab  
  26  3:27  Starport  
  26  3:33  SCV  
  27  3:39  SCV  
  28  3:45  SCV  
  28  3:46  Siege Tank  
  32  3:52  SCV  
  33  3:56  Barracks Reactor  
  33  3:59  SCV  
  34  4:04  SCV  
  35  4:11  SCV  
  36  4:22  Viking  
  36  4:23  Orbital Command  
  38  4:34  Fusion Core  
  38  4:51  Widow Mine  
  38  4:52  Widow Mine  
  42  4:54  Refinery  
  42  4:59  Refinery  
  40  5:12  Banshee  
  41  5:26  SCV  
  41  5:27  SCV  
  43  5:34  Weapon Refit  
  43  5:36  Hellion  
  43  5:38  SCV  
  43  5:41  Supply Depot  
  46  5:47  Command Center  
  46  6:03  SCV x2, Hellion, Supply Depot  
  52  6:05  Factory  
  52  6:07  Supply Depot, Barracks Tech Lab  
  52  6:15  SCV x2  
  54  6:25  Battlecruiser  
  58  6:27  SCV  
  58  6:29  Hellion x2  
  63  6:34  SCV  
  63  6:36  Engineering Bay  
  63  6:39  SCV  
  65  6:46  SCV  
  66  6:53  Hellion x2  
  66  7:02  Widow Mine  
  66  7:05  Missile Turret  
  63  7:27  Widow Mine  
  62  7:53  SCV x2  
  62  7:55  Widow Mine x2  
  62  7:56  Widow Mine  
  70  8:05  SCV  
  71  8:09  Missile Turret  
  71  8:17  SCV  
  72  8:22  Missile Turret  
  45  9:01  SCV  
  45  9:02  SCV  
  47  9:09  SCV  
  40  9:14  SCV x2  
  38  9:19  Command Center  
  38  9:31  Siege Tank  
  41  9:32  SCV x2  
  41  9:36  SCV  
  41  9:38  Command Center  
  44  9:39  Missile Turret  
  44  9:44  SCV  
  45  9:47  SCV  
  45  9:48  SCV  
  47  9:56  SCV  
Show
View Real Time Build Order
Export as new Build Order

kemachi Zerg - Winner!

Build Orders: Pool First, Muta Ling Bane 

Get SALT Encoding   

  12  0:17  Spawning Pool  
  11  0:22  Drone  
  11  0:27  Drone  
  13  0:31  Drone  
  14  0:40  Overlord  
  14  1:05  Zergling x6  
  17  1:17  Hatchery  
  16  1:23  Drone  
  17  1:28  Drone  
  18  1:37  Queen  
  20  1:42  Drone  
  21  1:50  Overlord  
  21  2:07  Drone  
  21  2:16  Queen  
  21  2:30  Drone x3, Extractor  
  21  2:31  Roach Warren  
  21  2:32  Drone  
  23  2:39  Queen  
  25  2:53  Drone x2  
  25  2:54  Drone x2  
  25  2:56  Drone  
  30  3:18  Drone x6  
  36  3:24  Extractor  
  35  3:28  Overlord x2  
  35  3:37  Lair  
  35  3:42  Drone  
  36  3:53  Roach x2  
  36  3:54  Roach  
  42  3:58  Roach  
  44  4:04  Roach  
  45  4:17  Drone  
  45  4:23  Drone x6  
  52  4:25  Extractor  
  52  4:27  Extractor  
  52  4:28  Overlord x2  
  50  4:38  Drone x2  
  52  4:44  Spire  
  52  4:45  Drone  
  52  4:46  Drone x2  
  52  4:47  Drone  
  55  4:53  Drone  
  55  4:54  Drone x3  
  57  5:27  Metabolic Boost  
  57  5:30  Drone x3  
  57  5:32  Drone, Baneling Nest  
  57  5:33  Hatchery  
  57  5:34  Overlord x2  
  57  5:35  Overlord  
  59  5:48  Drone  
  60  5:51  Evolution Chamber x2  
  58  5:59  Mutalisk x6  
  70  6:17  Zerg Melee Weapons Level 1  
  70  6:23  Zerg Ground Armor Level 1  
  70  6:25  Drone x8  
  78  6:36  Overlord x2  
  78  6:37  Centrifical Hooks  
  78  6:47  Pneumatized Carapace  
  78  6:50  Overseer  
  78  6:55  Zergling x16  
  86  7:23  Zergling x26  
  97  7:38  Corruptor x3  
  103  7:46  Overlord x4  
  103  7:48  Drone x2  
  101  7:51  Zerg Flyer Weapons Level 1  
  101  7:57  Baneling x5  
  101  7:58  Baneling x8  
  101  8:03  Queen x2  
  101  8:04  Queen  
  90  8:37  Corruptor x4  
  90  8:38  Queen  
  98  8:47  Drone x10  
  106  8:49  Extractor  
  106  8:50  Extractor  
  92  9:12  Drone x9  
  101  9:21  Zergling x14  
  108  9:43  Zergling x16  
  116  10:01  Hatchery  
Tags
 
Add a new tag
Caveats
  • Supply blocks, unpowered buildings, or Contaminate may cause inaccurate times.
  • Supply counts are checked every 10 seconds.